 Dungeon Crawl Stone Soup version 0.26-a0-651-gb41185065b (webtiles) character file.

Game seed: 9228263102936100285

43 Lanoc the Skirmisher (level 3, 0/30 HPs)
             Began as a Barachi Chaos Knight on Oct 6, 2020.
             Was a Plaything of Xom.
             Slain by Terence
             ... wielding a +0 morningstar
              (7 damage)
             ... on level 2 of the Dungeon.
             The game lasted 00:01:21 (1005 turns).

Lanoc the Skirmisher (Barachi Chaos Knight)         Turns: 1005, Time: 00:01:22

Health: 0/30       AC:  5    Str: 13    XL:     3   Next: 58%
Magic:  3/3        EV: 12    Int: 12    God:    Xom [..*...]
Gold:   45         SH:  0    Dex: 12    Spells: 2/2 levels left

rFire    . . .     SeeInvis .   a - +0 mace (chaos)
rCold    . . .     Faith    .   (no shield)
rNeg     . . .     Spirit   .   b - +2 leather armour
rPois    .         Reflect  .   (no helmet)
rElec    .         Harm     .   (no cloak)
rCorr    .         Rampage  .   (no gloves)
MR       .....                  (no boots)
Stlth    +.........             (no amulet)
HPRegen  0.10/turn              (no ring)
MPRegen  0.08/turn              (no ring)

@: slow
A: +LOS, swims, slowness 1, strong legs 1
a: Hop, Renounce Religion


You were on level 2 of the Dungeon.
You worshipped Xom.
You were a toy of Xom.
You visited 1 branch of the dungeon, and saw 2 of its levels.

You collected 45 gold pieces.

Inventory:

Hand Weapons
 a - a +0 mace of chaos (weapon)
Missiles
 d - 7 datura-tipped darts (quivered)
Armour
 b - a +2 leather armour (worn)
Scrolls
 c - 2 scrolls of amnesia {unknown}
 e - 2 scrolls of identify {unknown}
 f - 3 scrolls of fog {unknown}
 g - a scroll of teleportation {unknown}
 h - a scroll of remove curse {unknown}
 j - a scroll of enchant armour {unknown}
Potions
 i - a potion of heal wounds {unknown}
 k - a potion of flight {unknown}


   Skills:
 + Level 4.1 Fighting
 * Level 4.0 Maces & Flails
 + Level 3.0 Armour
 + Level 1.8 Dodging


You had 2 spell levels left.
You didn't know any spells.
Your spell library was empty.

Dungeon Overview and Level Annotations

Branches:
Dungeon (2/15)

Altars:

Annotations:
D:2 Terence


Innate Abilities, Weirdness & Mutations

You can be seen from farther away. (+LOS)
You can swim through water.
You cover ground slowly.
You can hop short distances.


Message History

Terence closely misses you.
You hit Terence but do no damage.
Terence is poisoned.
Terence is moderately wounded.
Terence completely misses you.
You barely miss Terence.
Terence is moderately wounded.
Terence hits you with a +0 morningstar!
* * * LOW HITPOINT WARNING * * *
Terence closely misses you.
You barely miss Terence.
Terence is heavily wounded.
Terence closely misses you.
You closely miss Terence.
Terence is severely wounded.
Terence barely misses you.
You hit Terence but do no damage.
Terence is severely wounded.
Terence hits you with a +0 morningstar!
You die... "It's all fun and games until someone loses an eye."

#....# ........
#....##.........
#....##..........
#....##...........
#....##......(....
#....##..........
#....##........####
...#...@##......).#...
.........@'...........
.......####........#
....... #........#
###.... #........#
#.... #....†...# ####
####'##### ♣.♣♣♣
♣...♣♣ ♣♣♣..♣♣


You could see Terence (agile, poisoned).

Vanquished Creatures
  An adder (D:2)
  2 dart slugs (D:1)
  2 leopard geckos
  A giant cockroach (D:1)
  3 goblins
  4 hobgoblins
  4 kobolds
  A quokka (D:2)
  4 bats (D:1)
  6 rats
28 creatures vanquished.

Notes
Turn   | Place    | Note
-------+----------+-------------------------------------------
     0 | D:1      | Lanoc the Barachi Chaos Knight began the quest for the Orb.
     0 | D:1      | Reached XP level 1. HP: 18/18 MP: 1/1
    47 | D:1      | Reached XP level 2. HP: 7/25 MP: 2/2
   515 | D:1      | XOM: potion effect (stabbing)
   676 | D:1      | XOM: silly message
   714 | D:1      | Reached XP level 3. HP: 25/30 MP: 3/3
   985 | D:2      | Noticed Terence
  1005 | D:2      | Slain by Terence

Illustrated notes

Levels and vault maps discovered:
D:1:      minmay_arrival_glassed_features, layout_rooms
D:2:      kb_forest_paths, layout_basic, lemuel_crystal_altar, uniq_terence

Skill      XL: |  1  2  3 |
---------------+----------+-----
Fighting       | 4 |  4.1
Maces & Flails | 4 |  4.0
Armour         | 3 |  3.0
Dodging        | |  1.8

Action                   || total
-------------------------++-------
Melee: Mace              ||    97
 Stab: Paralysed         ||     2
       Sleeping          ||     1
Armor: Leather armour    ||    29
Dodge: Dodged            ||    72

Table legend: (Time is in decaauts)
 A = Elapsed time spent in this place.
 B = Non-inter-level travel time spent in this place.
 C = Inter-level travel time spent in this place.
 D = Time resting spent in this place.
 E = Time spent auto-exploring this place.
 F = Levels seen in this place.
 G = Mean time per level.
                   A        B        C        D        E       F      G
               +--------+--------+--------+--------+--------+-----+--------+
         Total |   1074 |   1066 |      8 |     80 |    770 |   2 |  537.0 |
       Dungeon |   1074 |   1066 |      8 |     80 |    770 |   2 |  537.0 |
               +--------+--------+--------+--------+--------+-----+--------+

Top non-repeatable levels by time:
     D:1: 833 daAuts
     D:2: 241 daAuts
